Map: Dusk Towers

Players

Rob

  • Race: Protoss Protoss
  • League: Silver

Dedac - Winner!

  • Race: Protoss Protoss
  • League: Silver

VOD

Have the link to the VOD?

Description

Time

  • Played on: Nov. 22, 2015, 7:55 p.m.
  • Length: 20:32
Show
View Real Time Build Order
Export as new Build Order

Rob Protoss 

Build Orders: 1 Gate Expand, Nexus First 

Get SALT Encoding   

  12  0:02  Probe (Chrono Boost)  
  13  0:12  Probe (Chrono Boost)  
  14  0:21  Pylon  
  14  0:23  Probe (Chrono Boost)  
  15  0:42  Gateway  
  15  1:05  Nexus  
  15  1:12  Probe (Chrono Boost)  
  15  1:14  Assimilator  
  16  1:22  Probe (Chrono Boost)  
  17  1:32  Cybernetics Core  
  17  1:33  Probe (Chrono Boost)  
  17  1:37  Zealot (Chrono Boost)  
  20  1:43  Probe (Chrono Boost)  
  21  2:03  Gateway  
  21  2:04  Zealot (Chrono Boost)  
  23  2:12  Gateway  
  23  2:16  Assimilator  
  23  2:24  Warp Gate (Chrono Boost)  
  23  2:27  Probe  
  24  2:36  Stalker  
  26  2:37  Probe  
  26  2:43  Probe  
  28  2:55  Probe, Forge  
  29  3:04  Pylon  
  29  3:15  Stalker  
  29  3:17  Zealot  
  33  3:20  Sentry  
  35  3:38  Probe  
  36  3:44  Stalker  
  36  3:45  Zealot  
  40  3:50  Probe  
  40  3:51  Pylon  
  41  3:56  Probe  
  41  4:02  Probe  
  43  4:06  Probe  
  43  4:08  Robotics Facility  
  44  4:31  Gateway  
  44  4:33  Probe, Twilight Council  
  44  4:34  Probe  
  46  4:43  Probe  
  47  4:46  Probe  
  47  4:48  Pylon  
  48  4:53  Protoss Ground Weapons Level 1 (Chrono Boost)  
  48  4:58  Immortal  
  43  5:08  Probe  
  44  5:15  Zealot  
  44  5:19  Probe  
  44  5:30  Probe  
  45  5:37  Probe  
  45  5:40  Probe  
  48  5:50  Probe  
  48  5:51  Probe  
  49  5:57  Stalker  
  49  5:58  Zealot  
  49  6:01  Sentry, Probe  
  49  6:02  Probe  
  57  6:13  Stalker  
  57  6:14  Probe  
  60  6:20  Pylon  
  60  6:21  Probe  
  61  6:26  Probe  
  62  6:34  Pylon  
  62  6:41  Stalker  
  62  6:42  Stalker  
  66  6:48  Stalker  
  66  6:54  Stalker  
  70  7:07  Stalker  
  72  7:08  Stalker  
  72  7:11  Zealot  
  76  7:17  Zealot  
  78  7:27  Photon Cannon  
  78  7:31  Photon Cannon  
  78  7:35  Pylon  
  78  7:42  Blink (Chrono Boost)  
  70  8:02  Stalker x2  
  70  8:03  Stalker  
  70  8:04  Stalker  
  50  8:25  Stalker x2, Pylon  
  50  8:26  Stalker  
  56  8:27  Stalker  
  56  8:31  Immortal  
  62  8:41  Probe  
  63  8:49  Stalker x2  
  63  8:50  Stalker  
  63  8:51  Stalker  
  63  8:53  Probe  
  72  9:13  Stalker x2  
  72  9:14  Stalker  
  72  9:15  Stalker  
  80  9:29  Nexus  
  78  9:45  Stalker x2  
  70  9:46  Stalker  
  70  9:47  Stalker  
  50  10:15  Stalker x2  
  50  10:16  Stalker x2  
  36  10:29  Pylon  
  36  10:32  Pylon  
  34  10:41  Probe  
  34  10:43  Assimilator  
  34  10:44  Probe  
  34  10:47  Assimilator  
  36  10:52  Probe, Robotics Facility  
  36  10:53  Stalker x2  
  36  10:54  Stalker, Probe  
  44  10:59  Zealot  
  44  11:02  Probe  
  46  11:05  Probe  
  48  11:15  Probe  
  49  11:26  Probe  
  49  11:28  Stalker  
  49  11:29  Stalker  
  49  11:30  Stalker  
  56  11:36  Stalker  
  58  11:41  Probe  
  58  11:43  Photon Cannon  
  58  11:46  Photon Cannon  
  59  11:47  Photon Cannon  
  59  11:48  Observer  
  59  11:51  Probe  
  61  12:00  Assimilator  
  61  12:02  Probe  
  61  12:05  Stalker  
  62  12:10  Immortal  
  62  12:12  Stalker, Probe  
  62  12:13  Stalker  
  62  12:23  Probe  
  62  12:24  Probe  
  62  12:25  Photon Cannon  
  64  12:30  Zealot  
  64  12:33  Probe  
  64  12:34  Probe  
  68  12:43  Assimilator  
  68  12:44  Probe  
  68  12:47  Stalker  
  68  12:50  Zealot  
  73  12:53  Sentry  
  73  12:54  Sentry, Probe  
  77  13:05  Probe, Immortal  
  81  13:09  Probe  
  83  13:19  Probe  
  83  13:22  Stalker  
  86  13:27  Stalker  
  86  13:30  Probe  
  86  13:33  Stalker  
  91  13:35  Sentry  
  91  13:41  Probe  
  93  13:44  Probe  
  93  13:45  Templar Archives  
  95  13:51  Probe  
  95  13:55  Probe  
  77  14:23  Stalker  
  73  14:25  Stalker  
  73  14:26  Stalker  
  73  14:27  Stalker  
  73  14:31  Immortal (Chrono Boost)  
  81  14:52  Stargate  
  81  14:54  Stargate  
  81  14:59  Robotics Bay  
  81  15:03  Stalker  
  81  15:04  Stalker x2  
  81  15:06  Stalker  
  89  15:08  Observer (Chrono Boost)  
  90  15:28  Stalker x2  
  94  15:47  Fleet Beacon  
  94  15:50  Colossus (Chrono Boost)  
  94  15:56  Psionic Storm  
  100  16:03  High Templar  
  101  16:15  Pylon  
  101  16:33  High Templar  
  101  16:38  Pylon  
  101  16:39  Carrier  
  103  16:40  Pylon  
  108  16:56  Colossus  
  114  17:08  Carrier  
  120  17:32  Graviton Catapult (Chrono Boost)  
  120  18:25  Nexus  
Show
View Real Time Build Order
Export as new Build Order

Dedac Protoss - Winner!

Build Orders: Oracle Opening 

Get SALT Encoding   

  12  0:01  Probe (Chrono Boost)  
  13  0:16  Pylon  
  13  0:18  Probe (Chrono Boost)  
  14  0:28  Probe (Chrono Boost)  
  15  0:37  Gateway  
  15  0:42  Assimilator  
  15  0:44  Probe (Chrono Boost)  
  16  0:54  Probe (Chrono Boost)  
  17  1:03  Pylon  
  17  1:07  Probe (Chrono Boost)  
  18  1:18  Probe (Chrono Boost)  
  19  1:28  Probe (Chrono Boost)  
  20  1:33  Cybernetics Core  
  20  1:51  Probe (Chrono Boost)  
  21  1:57  Gateway  
  21  2:00  Assimilator  
  21  2:02  Probe (Chrono Boost)  
  22  2:22  Nexus  
  22  2:29  Pylon  
  22  2:32  Mothership Core (Chrono Boost)  
  22  2:36  Warp Gate  
  24  2:52  Stargate  
  23  3:01  Pylon  
  23  3:10  Adept x2  
  27  3:25  Forge  
  27  3:26  Probe (Chrono Boost)  
  28  3:36  Probe (Chrono Boost)  
  29  3:42  Stalker  
  29  3:46  Oracle  
  29  3:47  Probe (Chrono Boost)  
  35  3:53  Probe (Chrono Boost)  
  36  3:57  Probe (Chrono Boost)  
  37  4:09  Stalker  
  39  4:12  Stalker  
  41  4:21  Probe (Chrono Boost)  
  41  4:22  Probe (Chrono Boost)  
  43  4:31  Probe (Chrono Boost)  
  43  4:32  Probe (Chrono Boost)  
  45  4:42  Stalker x2, Probe (Chrono Boost)  
  45  4:43  Probe (Chrono Boost)  
  52  4:52  Probe (Chrono Boost)  
  52  4:53  Probe (Chrono Boost)  
  53  5:12  Stalker x2  
  57  5:42  Stalker  
  59  5:43  Protoss Ground Weapons Level 1  
  59  5:52  Pylon  
  59  5:54  Pylon  
  60  5:57  Probe (Chrono Boost), Pylon  
  60  6:01  Assimilator  
  60  6:05  Assimilator  
  60  6:07  Probe (Chrono Boost)  
  60  6:09  Void Ray  
  65  6:18  Probe (Chrono Boost)  
  66  6:26  Nexus  
  66  6:28  Probe (Chrono Boost)  
  66  6:31  Pylon  
  67  6:34  Pylon  
  67  6:39  Probe (Chrono Boost)  
  68  6:43  Robotics Facility x2  
  68  6:50  Probe (Chrono Boost)  
  68  6:52  Void Ray  
  68  6:53  Gateway  
  73  6:54  Gateway  
  73  6:56  Gateway  
  73  7:00  Probe (Chrono Boost), Gateway  
  73  7:01  Gateway  
  74  7:07  Assimilator  
  74  7:10  Probe (Chrono Boost)  
  74  7:12  Assimilator  
  75  7:21  Probe (Chrono Boost)  
  76  7:30  Observer  
  76  7:31  Observer  
  76  7:32  Probe (Chrono Boost)  
  76  7:35  Void Ray  
  83  7:42  Probe (Chrono Boost)  
  84  7:57  Mothership Core (Chrono Boost)  
  78  8:10  Zealot x4  
  82  8:13  Zealot  
  82  8:14  Zealot x2  
  82  8:31  Probe (Chrono Boost)  
  83  8:37  Sentry x2  
  83  8:40  Zealot x3  
  83  8:41  Zealot  
  95  8:46  Immortal x2  
  103  8:59  Probe (Chrono Boost)  
  104  9:03  Protoss Air Weapons Level 1 (Chrono Boost)  
  104  9:09  Probe (Chrono Boost)  
  105  9:14  Probe (Chrono Boost)  
  106  9:18  Probe  
  107  9:25  Protoss Shields Level 1 (Chrono Boost), Warp Prism, Probe  
  107  9:26  Observer  
  107  9:28  Probe  
  112  9:32  Twilight Council  
  112  9:37  Probe  
  109  9:39  Probe  
  108  9:47  Observer  
  108  9:49  Probe  
  96  10:02  Probe  
  96  10:03  Zealot x2  
  96  10:04  Zealot x5  
  97  10:23  Immortal  
  97  10:24  Immortal  
  105  10:40  Stalker x2  
  105  10:41  Stalker x4  
  117  10:52  Pylon  
  117  10:53  Pylon  
  117  10:58  Pylon  
  117  11:01  Pylon  
  117  11:04  Pylon  
  117  11:08  Probe  
  117  11:10  Immortal  
  126  11:11  Immortal  
  126  11:19  Probe  
  127  11:29  Probe  
  128  11:35  Pylon  
  128  11:37  Pylon  
  128  11:39  Void Ray  
  132  11:41  Assimilator  
  132  11:46  Assimilator  
  132  11:48  Nexus  
  132  11:49  Immortal  
  132  11:50  Immortal  
  140  12:15  Stalker x4  
  144  12:16  Stalker x3  
  144  12:22  Void Ray  
  155  12:28  Immortal  
  159  12:41  Stalker  
  159  12:42  Stalker x5  
  171  12:47  Pylon  
  171  12:50  Pylon  
  171  12:53  Pylon  
  171  13:00  Immortal  
  175  13:07  Immortal  
  179  13:21  Stalker x3  
  179  13:22  Stalker  
  187  13:28  Protoss Ground Weapons Level 2 (Chrono Boost)  
  187  13:39  Immortal  
  191  13:44  Void Ray  
  191  13:47  Immortal  
  199  13:59  Probe  
  182  14:27  Void Ray  
  182  14:28  Probe  
  187  14:38  Mothership Core  
  189  15:29  Immortal x2  
  197  16:05  Assimilator  
  197  16:09  Pylon  
  197  16:11  Pylon  
  197  16:12  Pylon  
  197  16:13  Assimilator  
  197  16:30  Stargate  
  197  16:31  Stargate  
  197  16:34  Stargate  
  197  16:36  Stargate  
  197  16:38  Stargate x2  
  197  17:12  Nexus  
  197  17:20  Nexus  
  197  17:22  Pylon  
  197  17:23  Pylon  
  197  17:26  Pylon  
  197  17:51  Stalker  
  188  18:17  Void Ray x2  
  188  18:18  Void Ray  
  184  18:44  Void Ray x4  
  199  19:29  Forge  
  180  20:07  Pylon x2  
  180  20:10  Pylon  
  180  20:11  Pylon  
  180  20:12  Pylon  
Tags
 
Add a new tag
Caveats
  • Supply blocks, unpowered buildings, or Contaminate may cause inaccurate times.
  • Supply counts are checked every 10 seconds.